 Dungeon Crawl Stone Soup version 0.21-a0-582-g1b93aee (webtiles) character file.

392 sithsevirus the Ruffian (level 6, -1/62 HPs)
             Began as a Troll Monk on Dec 19, 2017.
             Slain by an adder (4 damage)
             ... on level 4 of the Dungeon.
             The game lasted 00:13:11 (2984 turns).

sithsevirus the Ruffian (Troll Monk)                Turns: 2984, Time: 00:13:12

Health: -1/62      AC:  5    Str: 20    XL:     6   Next: 50%
Magic:  5/5        EV: 11    Int:  6    God:
Gold:   143        SH:  0    Dex: 14    Spells: 5/5 levels left

rFire    . . .     SeeInvis .   v - +2 mace (holy)
rCold    . . .     Gourm    +   (no shield)
rNeg     . . .     Faith    .   a - +0 robe
rPois    .         Spirit   .   (helmet restricted)
rElec    .         Reflect  .   (no cloak)
rCorr    .         Harm     .   (gloves unavailable)
MR       .....                  (boots unavailable)
Stlth    ++........             (no amulet)
HPRegen  0.60/turn              (no ring)
MPRegen  0.09/turn              (no ring)

@: lethally poisoned (-1 -> -2), drained, very slow
A: large, unfitting armour, claws 3, fast metabolism 3, gourmand, regeneration
1, shaggy fur 1, tough skin 2
a: no special abilities


You were on level 4 of the Dungeon.
You were completely stuffed.

You visited 1 branch of the dungeon, and saw 4 of its levels.

You collected 143 gold pieces.

Inventory:

Hand Weapons
 d - a +0 hunting sling
 v - a +2 mace of holy wrath (weapon)
Missiles
 c - 141 stones (quivered)
 h - 28 sling bullets
 u - 3 tomahawks
Armour
 a - a +0 robe (worn)
Jewellery
 w - a +2 ring of protection {unknown}
Wands
 o - a wand of random effects (15)
Scrolls
 e - 2 scrolls of amnesia
 g - 3 scrolls of remove curse {unknown}
 j - 4 scrolls of identify {unknown}
 l - a scroll of noise {unknown}
 n - 2 scrolls of teleportation {unknown}
 p - a scroll of random uselessness {unknown}
 q - a scroll of magic mapping {unknown}
 t - 2 scrolls of fear {unknown}
Potions
 f - a potion of magic
 i - a potion of mutation {unknown}
 m - a potion of flight {unknown}
 r - a potion of resistance {unknown}
 s - a potion of might {unknown}
 x - a potion of ambrosia {unknown}
Comestibles
 b - 6 rations
 k - 10 chunks of flesh


   Skills:
 + Level 3.7(3.5) Fighting
 + Level 1.3(1.1) Maces & Flails
 + Level 3.7(3.5) Dodging
 - Level 1.0(0.8) Stealth
 - Level 5.1(4.8) Unarmed Combat


You had 5 spell levels left.
You didn't know any spells.

Dungeon Overview and Level Annotations

Branches:
Dungeon (4/15)
 Temple: D:4-7

Altars:
Dithmenos
Kikubaaqudgha
Ru
The Shining One

Portals:
Sewer: D:4

Annotations:
D:3 Robin


Innate Abilities, Weirdness & Mutations

You are too large for most types of armour.
You have claws for hands.
Your metabolism is lightning-fast.
You like to eat raw meat.
Your natural rate of healing is unusually fast.
You are covered in fur. (AC +1)
You have very tough skin. (AC +2)


Message History

The giant cockroach misses you. The ball python closely misses you.
You barely miss the giant cockroach.
You feel sick. The adder bites you but does no damage.
The worker ant bites you.
* * * LOW HITPOINT WARNING * * *
The giant cockroach barely misses you.
The giant cockroach splashes around in the water.
The orc closely misses you. The giant cockroach closely misses you.
The ball python bites you but does no damage.
The adder bites you.
* * * LOW HITPOINT WARNING * * *
The worker ant bites you.
* * * LOW HITPOINT WARNING * * *
You are more poisoned.
The worker ant poisons you!
The giant cockroach bites you but does no damage.
The giant cockroach closely misses you. The giant cockroach barely misses you.
As you read the scroll labeled ZUXZAM UPERERCH, it crumbles to dust.
It is a scroll of amnesia.
You feel forgetful for a moment.
You feel sick. The adder bites you.
You die...

#≈≈≈# #≈≈≈# #≈≈≈#
#≈∩≈#.. .# #≈≈≈#..
.#### )## #≈l≈#..
....##. ....
#sss#.%##....#..
....[
#o@≈##..#.......
..#..###aSS##..#....#
........#o## #......#
........(o# ##.)....#
.........## #..)....#
........(.###.#....##
#......##o)#....####
#....$.###(((#.)##
#..?....##...#...#


You could see a worker ant, an orc priest, an adder, 2 orcs, a leopard gecko, 3
giant cockroaches and a ball python.

Vanquished Creatures
  A phantom (D:3)
  An orc wizard (D:4)
  A bullfrog skeleton (D:4)
  An orc priest (D:4)
  9 adders
  3 worms
  2 dart slugs
  2 leopard geckos (D:2)
  15 orcs
  A giant cockroach (D:4)
  8 goblins
  7 hobgoblins
  13 jackals
  8 kobolds
  2 quokkas
  A ball python (D:2)
  10 bats
  2 frilled lizards (D:2)
  11 rats
98 creatures vanquished.

Notes
Turn   | Place    | Note
-------+----------+-------------------------------------------
     0 | D:1      | sithsevirus the Troll Monk began the quest for the Orb.
     0 | D:1      | Reached XP level 1. HP: 22/22 MP: 0/0
   117 | D:1      | Reached XP level 2. HP: 29/29 MP: 1/1
   610 | D:1      | Reached XP level 3. HP: 36/36 MP: 2/2
  1271 | D:2      | Reached skill level 4 in Unarmed Combat
  1274 | D:2      | Reached XP level 4. HP: 43/44 MP: 3/3
  1632 | D:2      | Found a glowing golden altar of the Shining One.
  1825 | D:3      | Noticed a phantom
  1859 | D:3      | Killed a phantom
  1859 | D:3      | Reached XP level 5. HP: 53/53 MP: 4/4
  1872 | D:3      | Found a sacrificial altar of Ru.
  1892 | D:3      | Reached skill level 5 in Unarmed Combat
  2014 | D:3      | Found an ancient bone altar of Kikubaaqudgha.
  2382 | D:3      | Noticed Robin
  2497 | D:3      | Reached XP level 6. HP: 59/61 MP: 5/5
  2527 | D:3      | Found a shadowy altar of Dithmenos.
  2830 | D:4      | Reached skill level 1 in Maces & Flails
  2838 | D:4      | HP: 3/62 [poisoned by an orc wizard]
  2974 | D:4      | Found a glowing drain.
  2983 | D:4      | HP: 3/62 [worker ant (2)]
  2984 | D:4      | Slain by an adder

Vault maps used:
D:1:      scummos_arrival_simple_crosswalls, minmay_heptomino_d4
D:2:      nicolae_tso_carved_into_rock, st_stairs_5
D:3:      lemuel_crystal_altar, nicolae_overflow_hidden_temple,
          nicolae_dithmenos_shadow_blocks, uniq_robin
D:4:      kennysheep_mini, first_ration, portal_sewer_entry_f, st_stairs_3

Skill      XL: |  1  2  3  4  5  6 |
---------------+-------------------+-----
Unarmed Combat | 4 5 |  5.1
Dodging        | 3 |  3.7
Fighting       | 3 |  3.7
Maces & Flails | 1 |  1.3
Stealth        | |  1.0

Action                   |  1- 3 |  4- 6 || total
-------------------------+-------+-------++-------
Melee: Unarmed           |   114 |   106 ||   220
       Punch             |     1 |     2 ||     3
       Mace              |       |    78 ||    78
  Use: Potion            |       |     3 ||     3
       Scroll            |       |     1 ||     1
 Stab: Sleeping          |     4 |     1 ||     5
  Eat: Chunk             |    17 |    16 ||    33
Armor: Robe              |    41 |    92 ||   133
Dodge: Dodged            |    71 |   183 ||   254

Table legend:
 A = Spawn XP
 B = Non-spawn XP
 C = Spawn XP percentage of total XP
 D = Spawn monster count
 E = Non-spawn monster count
 F = Spawn count percentage of total count
 G = Total turns spent on level
                    A         B        C        D         E        F      G
               +---------+---------+-------+---------+---------+-------+---------
         Total |       0 |     560 |   0.0 |       0 |      98 |   0.0 |  2984
               +---------+---------+-------+---------+---------+-------+---------
           D:1 |       0 |      44 |   0.0 |       0 |      24 |   0.0 |   798
           D:2 |       0 |     114 |   0.0 |       0 |      33 |   0.0 |  1006
           D:3 |       0 |     236 |   0.0 |       0 |      27 |   0.0 |   918
           D:4 |       0 |     166 |   0.0 |       0 |      14 |   0.0 |   262
               +---------+---------+-------+---------+---------+-------+---------
